 Dungeon Crawl Stone Soup version 0.29.1-12-g30fa7ad0bf (webtiles) character file.

Game seed: 12622546839643251691

5124 impetuousSkink the Frost Mage (level 10, 0/65 HPs)
             Began as a Barachi Ice Elementalist on Jan 2, 2023.
             Was a Believer of Makhleb.
             Slain by a wraith (13 damage)
             ... on level 9 of the Dungeon on Jan 3, 2023.
             The game lasted 01:32:55 (10774 turns).

impetuousSkink the Frost Mage (BaIE)               Turns: 10774, Time: 01:32:55

Health: 0/65       AC:  5    Str: 10    XL:     10   Next: 58%
Magic:  14/24      EV: 15    Int: 20    God:    Makhleb [**....]
Gold:   623        SH:  0    Dex: 18    Spells: 21/29 levels left

rFire   . . .      SeeInvis .   v - +2 mace (holy)
rCold   . . .      Faith    .   (no shield)
rNeg    . . .      Spirit   .   a - +0 robe
rPois   .          Reflect  .   (no helmet)
rElec   .          Harm     .   (no cloak)
rCorr   .          Rampage  .   (no gloves)
Will    .....                   i - +2 pair of boots
Stlth   ++........              (no amulet)
HPRegen 0.20/turn               q - +6 ring of dexterity
MPRegen 0.19/turn               (no ring)

@: slowed, studying Shields, very slow
A: amphibious, slowness 1, strong legs 1, +LOS
a: Hop, Renounce Religion, Minor Destruction


You were on level 9 of the Dungeon.
You worshipped Makhleb.
Makhleb was pleased with you.
You visited 2 branches of the dungeon, and saw 10 of its levels.
You also visited: Bailey.

You collected 623 gold pieces.

Inventory:

Hand Weapons
 f - a +1 short sword of protection
 j - a +2 dire flail of holy wrath
 v - a +2 mace of holy wrath (weapon)
 z - a +1 dagger of protection
Missiles
 k - 62 stones
 n - 19 poisoned darts
 y - a throwing net
Armour
 a - a +0 robe (worn)
 i - a +2 pair of boots (worn)
Magical Staves
 D - a staff of poison
Jewellery
 q - a +6 ring of dexterity (left hand)
Wands
 x - a wand of flame (9)
 G - a wand of roots (6)
 H - a wand of paralysis (1) (quivered)
Scrolls
 c - 9 scrolls of enchant armour
 d - a scroll of blinking
 e - 3 scrolls of identify
 h - a scroll of brand weapon {unknown}
 o - 3 scrolls of teleportation
 p - a scroll of poison
 r - 3 scrolls of vulnerability
 t - a scroll of immolation {unknown}
 u - 3 scrolls of amnesia
 w - 3 scrolls of fear
 A - 3 scrolls of magic mapping {unknown}
 E - a scroll of enchant weapon {unknown}
 F - a scroll of torment {unknown}
Potions
 b - 2 potions of lignification
 g - 2 potions of berserk rage
 l - 4 potions of degeneration {unknown}
 m - 3 potions of brilliance
 s - a potion of mutation
 B - 2 potions of attraction {unknown}
 C - a potion of flight {unknown}


   Skills:
 + Level 1.2 Fighting
 + Level 0.5 Short Blades
 + Level 0.5 Maces & Flails
 * Level 6.3 Dodging
 + Level 2.7 Stealth
 * Level 10.3 Spellcasting
 + Level 2.2 Conjurations
 * Level 12.0 Ice Magic
 + Level 2.3 Evocations


You had 21 spell levels left.
You knew the following spells:

 Your Spells              Type           Power      Damage    Failure   Level
a - Freeze                Ice            100%       1d11      1%          1
b - Frozen Ramparts       Ice            100%       1d16      1%          3
c - Hailstorm             Conj/Ice       38%        3d9       3%          4

Your spell library contained the following spells:

 Spells                   Type           Power      Damage    Failure   Level
 Ozocubu's Armour         Ice            55%        N/A       1%          3
 Portal Projectile        Hex/Tloc       20%        N/A       21%         3
 Tukima's Dance           Hex            10%        N/A       21%         3
 Blade Hands              Tmut           5%         N/A       88%         5


Dungeon Overview and Level Annotations

Branches:
Dungeon (9/15)             Temple (1/1) D:7          Bailey (visited)
   Lair: D:8-11         Orc: D:9-12

Altars:
Ashenzari
Cheibriados
Dithmenos
Elyvilon
Fedhas
Gozag
Hepliaklqana
Kikubaaqudgha
Makhleb
Nemelex Xobeh
Okawaru
Ru
Sif Muna
Uskayaw
Vehumet
Wu Jian
Xom
Yredelemnul
Zin
The Shining One

Shops:
D:2 (   D:6 *

Annotations:
D:6 2 transporters
D:7 1 runed translucent door, MysteronAgent613's ghost, novice TrBe


Innate Abilities, Weirdness & Mutations

You are amphibious.
You cover ground slowly.
You can hop short distances.
You have an extended range of vision and can be seen from far away.


Message History

The wraith is unaffected.
The wraith closely misses you.
Aiming: Minor Destruction (22% risk of failure)
Press: ? - help, Shift-Dir - straight line, f/p - wraith
Aim: a wraith (severely damaged)
The zap misses the wraith.
The wraith barely misses you.
Aiming: Minor Destruction (22% risk of failure)
Press: ? - help, Shift-Dir - straight line, f/p - wraith
Aim: a wraith (severely damaged)
The wraith is unaffected.
The wraith completely misses you.
You hit the wraith.
The wraith convulses.
The wraith is severely damaged.
The wraith hits you! The wraith drains your vigour!
You feel yourself slow down.
You hit the wraith but do no damage.
The wraith is severely damaged.
The wraith hits you! The wraith drains your vigour!
You feel as though you will be slow longer.
The wraith hits you. The wraith drains your vigour!
You feel as though you will be slow longer.
You hit the wraith but do no damage.
The wraith is severely damaged.
The wraith hits you but does no damage. The wraith barely misses you.
You hit the wraith but do no damage.
The wraith is severely damaged.
The wraith barely misses you. The wraith closely misses you. x2
You hit the wraith but do no damage.
The wraith is severely damaged.
The wraith hits you. x2; The wraith drains your vigour!
You feel as though you will be slow longer.
You closely miss the wraith.
The wraith is severely damaged.
The wraith hits you. The wraith drains your vigour!
You feel as though you will be slow longer.
The wraith hits you but does no damage.
You closely miss the wraith.
The wraith is severely damaged.
The wraith hits you!
* * * LOW HITPOINT WARNING * * *
The wraith hits you!
You die...

#.# #.# ##+## #.# ##...##
#.# ##.....## ###[#
#.......## ##.#.#
.........####....########
.........+.......W)).....
.........# #....@#
#.......## #.#.#.#
##.....## #.###.#
##...######.##..#
##'#.......##.####.#
#.#.#####.........# #.#.#
#.##.###### ####.#.#
###.##.# .##>...#
#......#


You could see a wraith.

Vanquished Creatures
  A komodo dragon (D:7)
  A wraith (D:9)
  Edmund (D:4)
  2 water moccasins
  A sky beast (D:6)
  14 orc warriors
  An ice beast (D:7)
  11 centaurs
  A phantom (D:7)
  2 bullfrogs
  A necrophage (D:5)
  2 scorpions
  4 wights (D:8)
  5 killer bees (D:8)
  3 jellies
  8 hounds
  2 gnoll boudas
  9 orc priests
  12 orc wizards
  Robin (D:4)
  10 gnolls
  5 adders
  A white imp (D:5)
  A worm (D:3)
  4 dart slugs
  47 orcs
  A bat (D:2)
  9 endoplasms
  16 goblins
  6 hobgoblins
  2 quokkas
  5 ball pythons
  7 frilled lizards (D:1)
  6 kobolds
  4 rats
206 creatures vanquished.

Vanquished Creatures (others)
  A plant (D:5)
1 creature vanquished.

Grand Total: 207 creatures vanquished

Notes
Turn   | Place    | Note
-------+----------+-------------------------------------------
     0 | D:1      | impetuousSkink the Barachi Ice Elementalist began the quest
                  | for the Orb.
     0 | D:1      | Reached XP level 1. HP: 13/13 MP: 3/3
   253 | D:1      | Reached skill level 5 in Ice Magic
   264 | D:1      | Reached XP level 2. HP: 19/19 MP: 0/5
   783 | D:1      | Reached XP level 3. HP: 24/24 MP: 3/6
  1535 | D:2      | Found Alorphau's Weapon Emporium.
  1881 | D:3      | Learned a level 3 spell: Frozen Ramparts
  2335 | D:4      | Noticed Robin
  2343 | D:4      | Killed Robin
  2344 | D:4      | Reached XP level 4. HP: 30/30 MP: 1/8
  2483 | D:4      | Noticed Edmund
  2500 | D:4      | Killed Edmund
  2501 | D:4      | Reached skill level 6 in Ice Magic
  2501 | D:4      | Reached XP level 5. HP: 19/35 MP: 0/11
  2702 | D:4      | Reached skill level 1 in Evocations
  2702 | D:4      | Reached XP level 6. HP: 34/41 MP: 4/12
  3273 | D:5      | Entered Level 5 of the Dungeon
  3291 | D:5      | Reached skill level 5 in Spellcasting
  3305 | D:5      | Reached XP level 7. HP: 18/47 MP: 1/14
  4486 | D:6      | Reached skill level 7 in Ice Magic
  4493 | D:6      | Reached XP level 8. HP: 17/53 MP: 9/17
  4763 | D:6      | Found a transporter.
  4767 | D:6      | Noticed a kobold demonologist
  4780 | D:6      | Noticed a kobold demonologist
  4785 | D:6      | Found a transporter.
  4848 | D:6      | Learned a level 4 spell: Hailstorm
  4911 | D:6      | Found Kijiwo's Assorted Antiques.
  5340 | D:6      | Reached skill level 8 in Ice Magic
  6197 | D:7      | Reached skill level 9 in Ice Magic
  6335 | D:7      | Reached skill level 5 in Dodging
  6346 | D:7      | Reached XP level 9. HP: 44/58 MP: 13/20
  6460 | D:7      | Noticed a komodo dragon
  6518 | D:7      | Killed a komodo dragon
  6722 | D:7      | Found a staircase to the Ecumenical Temple.
  6732 | Temple   | Entered the Ecumenical Temple
  6857 | Temple   | Became a worshipper of Makhleb the Destroyer
  6939 | D:7      | Found a runed translucent door.
  6940 | D:7      | Noticed MysteronAgent613's ghost (novice TrBe)
  7002 | D:7      | Reached skill level 10 in Ice Magic
  7474 | D:8      | Found a shimmering blue altar of Sif Muna.
  7631 | D:8      | Reached * piety under Makhleb
  8650 | D:9      | Found a flagged portal.
  8671 | D:9      | Reached XP level 10. HP: 44/64 MP: 12/23
  8697 | Bailey   | Entered a bailey
  8723 | Bailey   | Reached skill level 1 in Fighting
  8730 | Bailey   | Reached skill level 11 in Ice Magic
  9510 | Bailey   | Reached skill level 1 in Conjurations
  9510 | Bailey   | Reached ** piety under Makhleb
  9511 | Bailey   | Reached skill level 10 in Spellcasting
 10758 | D:9      | Reached skill level 12 in Ice Magic
 10774 | D:9      | Slain by a wraith

Illustrated notes

Levels and vault maps discovered:
D:1:      dpeg_arrival_tiny_g, layout_rooms, chequers_mini_garden,
          hangedman_feature_mirror, minmay_cupped
D:2:      layout_basic, serial_shops, shop
D:3:      layout_basic
D:4:      layout_basic, uniq_robin, uniq_edmund
D:5:      layout_basic, serial_bayou_lake_a
D:6:      gammafunk_wand_slinger, layout_loops_corners, serial_shops,
          nicolae_shop_waterfront, serial_glass, glass_columns_c,
          glass_columns_b, kennysheep_decorative_pillar, minmay_misc_feat_chi
D:7:      layout_basic, temple_green, gammafunk_ghost_grave
D:8:      layout_cave_pools, mainiacjoe_overflow_24_doors
D:9:      layout_loops_corners, enter_bailey_3
Temple:   hellmonk_temple_of_storms

Skill      XL: |  1  2  3  4  5  6  7  8  9 10 |
---------------+-------------------------------+-----
Ice Magic      | 5 6 7 9 10 12 | 12.0
Stealth        | 2 |  2.7
Spellcasting   | 3 4 5 6 7 9 10 | 10.3
Dodging        | 3 5 6 |  6.3
Evocations     | 1 2 |  2.3
Fighting       | 1 |  1.2
Conjurations   | 2 |  2.2
Short Blades   | |  0.5
Maces & Flails | |  0.5

Action                   |  1- 3 |  4- 6 |  7- 9 | 10-12 || total
-------------------------+-------+-------+-------+-------++-------
Melee: Unarmed           |    14 |       |       |       ||    14
       Short sword       |       |    21 |     1 |       ||    22
       Mace              |       |       |    27 |     8 ||    35
 Cast: Freeze            |    63 |    36 |    92 |    19 ||   210
       Frozen Ramparts   |     1 |     4 |    43 |     8 ||    56
       Hailstorm         |       |       |     7 |    43 ||    50
Invok: Minor Destruction |       |       |       |     4 ||     4
 Abil: Hop               |       |       |     2 |       ||     2
Evoke: Wand              |       |     9 |    42 |     5 ||    56
  Use: Potion            |     4 |     2 |     5 |     2 ||    13
       Scroll            |       |     5 |     6 |     1 ||    12
 Stab: Sleeping          |     1 |       |       |       ||     1
       Paralysed         |       |     1 |       |     1 ||     2
Armor: Robe              |    15 |    16 |    33 |     7 ||    71
Dodge: Dodged            |    38 |    26 |    93 |    70 ||   227
